 Dungeon Crawl Stone Soup version 0.23.1-41-g7e51ed3 (webtiles) character file.

Game seed: 7785649397727528445

273 Borgoz the Cutter (level 6, 0/36 HPs)
             Began as a Gargoyle Gladiator on Mar 29, 2019.
             Killed by divine providence
             ... invoked by an orc priest
              (16 damage)
             ... on level 3 of the Dungeon.
             The game lasted 00:04:53 (2848 turns).

Borgoz the Cutter (Gargoyle Gladiator)              Turns: 2848, Time: 00:04:53

Health: 0/36       AC:  9    Str: 18    XL:     6   Next: 24%
Magic:  8/8        EV: 13    Int: 12    God:
Gold:   121        SH:  0    Dex: 13    Spells: 6/7 levels left

rFire    . . .     SeeInvis .   a - +0 rapier
rCold    . . .     Gourm    +   (no shield)
rNeg     + . .     Faith    .   b - +0 leather armour
rPois    ∞         Spirit   .   c - +0 helmet
rElec    +         Reflect  .   (no cloak)
rCorr    .         Harm     .   (no gloves)
MR       .....                  t - +0 pair of boots
Stlth    ++........             s - amulet of the gourmand
HPRegen  0.12/turn              k - +4 ring of intelligence
MPRegen  0.11/turn              (no ring)

@: no status effects
A: negative energy resistance 1, electricity resistance, unbreathing,
petrification resistance, rot immunity, AC +4
a: no special abilities


You were on level 3 of the Dungeon.
You were very full.

You visited 1 branch of the dungeon, and saw 3 of its levels.

You collected 121 gold pieces.

Inventory:

Hand Weapons
 a - a +0 rapier (weapon)
Missiles
 d - 3 throwing nets (quivered)
 l - 3 javelins
 u - 4 tomahawks
Armour
 b - a +0 leather armour (worn)
 c - a +0 helmet (worn)
 t - a +0 pair of boots (worn)
Jewellery
 k - a +4 ring of intelligence (left hand)
 s - an amulet of the gourmand (around neck)
Scrolls
 g - 3 scrolls of remove curse
 h - a scroll of fog {unknown}
 m - a scroll of enchant weapon {unknown}
 p - a scroll of enchant armour {unknown}
Potions
 i - a potion of haste
 n - a potion of curing
 o - a potion of magic
 q - a potion of cancellation
 r - a potion of berserk rage
 x - a potion of heal wounds {unknown}
Comestibles
 f - 5 rations


   Skills:
 + Level 2.9 Fighting
 * Level 3.5 Short Blades
 + Level 2.5 Throwing
 * Level 2.5 Armour
 * Level 3.2 Dodging
 + Level 1.8 Stealth
 + Level 1.4 Spellcasting
 + Level 0.3 Hexes


You had 6 spell levels left.
You knew the following spells:

 Your Spells              Type           Power        Failure   Level  Hunger
a - Confusing Touch       Hex            #.....       30%         1    ##.....

Your spell library contained the following spells:

 Spells                   Type           Power        Failure   Level  Hunger
 Animate Skeleton         Necr           N/A          34%         1    ##.....
 Apportation              Tloc           #.....       34%         1    ##.....
 Summon Small Mammal      Summ           #...         34%         1    ##.....


Dungeon Overview and Level Annotations

Branches:
Dungeon (3/15)

Altars:


Innate Abilities, Weirdness & Mutations

You are resistant to torment.
Your stone body is resilient. (AC +4)
You are immune to poison.
You resist negative energy. (rN+)
You are resistant to electric shocks. (rElec)
You can survive without breathing.
You are immune to petrification.
You are immune to rotting.


Message History

You are too injured to fight recklessly!
You hit the orc priest but do no damage.
The orc priest hits you with a +0 short sword.
The orc hits you but does no damage.
You closely miss the orc priest. The orc priest barely misses you.
The orc barely misses you.
You hit the orc priest.
The orc priest is lightly wounded.
The orc priest closely misses you. The orc closely misses you.
The orc priest closely misses you.
You hit the orc priest.
The orc priest is heavily wounded.
The orc misses you.
The orc priest hits you but does no damage.
You completely miss the orc priest.
The orc priest is heavily wounded.
The orc hits you with a cursed -2 club.
The orc priest invokes the aid of Beogh against you.
Beogh smites you!
You die...

#########
###############........
..................[...
#.......#####........
#.......# #........ #.......#
#........ #.......###
#####.### #####o##...## #.#
#####...o@####o.## #)#
#.....##### ##..# #=# #.#####
##.# #!# ##.####.##
###########.## #.#
#........###.....#......####.#
.........##...............##.#
....................o.....##.#
#........#................##.#
#................o........##.#


You could see an orc priest and an orc.

Vanquished Creatures
  An orc priest (D:3)
  Jessica (D:3)
  Natasha (thrice) (D:2)
  Terence (D:3)
  4 adders
  3 worms
  3 leopard geckos
  7 orcs (D:3)
  2 ball pythons
  3 giant cockroaches
  5 goblins
  5 hobgoblins
  5 jackals
  7 kobolds
  9 bats
  4 frilled lizards
  6 rats
69 creatures vanquished.

Notes
Turn   | Place    | Note
-------+----------+-------------------------------------------
     0 | D:1      | Borgoz the Gargoyle Gladiator began the quest for the Orb.
     0 | D:1      | Reached XP level 1. HP: 12/12 MP: 1/1
   100 | D:1      | Reached XP level 2. HP: 17/17 MP: 2/2
   481 | D:1      | Reached skill level 1 in Armour
   505 | D:1      | Reached XP level 3. HP: 21/22 MP: 3/3
   913 | D:2      | Noticed Natasha
   924 | D:2      | Killed Natasha
   924 | D:2      | Reached skill level 1 in Stealth
   924 | D:2      | Reached XP level 4. HP: 13/27 MP: 3/5
  1288 | D:2      | Noticed Natasha
  1295 | D:2      | Killed Natasha
  1295 | D:2      | Reached skill level 1 in Spellcasting
  1713 | D:2      | Reached XP level 5. HP: 29/31 MP: 6/6
  1828 | D:2      | Noticed Natasha
  2011 | D:3      | Noticed Jessica
  2017 | D:3      | Killed Jessica
  2282 | D:3      | Learned a level 1 spell: Confusing Touch
  2411 | D:3      | Noticed Terence
  2470 | D:3      | Killed Terence
  2470 | D:3      | Reached XP level 6. HP: 15/36 MP: 8/8
  2808 | D:2      | Killed Natasha
  2848 | D:3      | Killed from afar by an orc priest

Skill      XL: |  1  2  3  4  5 |
---------------+----------------+-----
Armour         | 1 2 |  2.5
Throwing       | 2 |  2.5
Short Blades   | 3 |  3.5
Stealth        | 1 |  1.8
Spellcasting   | 1 |  1.4
Dodging        | 3 |  3.2
Fighting       | |  2.9
Hexes          | |  0.3

Action                   |  1- 3 |  4- 6 || total
-------------------------+-------+-------++-------
Melee: Rapier            |   100 |   173 ||   273
       Unarmed           |       |     4 ||     4
  Use: Scroll            |       |     6 ||     6
 Stab: Sleeping          |     2 |     2 ||     4
  Eat: Chunk             |       |    19 ||    19
Armor: Leather armour    |    29 |    48 ||    77
Dodge: Dodged            |    62 |   112 ||   174
